 Dungeon Crawl Stone Soup version 0.30-a0-782-ge64f9170bb (webtiles) character file.

Game seed: 16509993648200154277

2144 Leeroy the Martial Artist (level 9, 0/61 HPs)
             Began as an Octopode Transmuter on Feb 22, 2023.
             Was a Follower of Wu Jian.
             Slain by a sky beast (5 damage)
             ... on level 7 of the Dungeon.
             The game lasted 00:10:32 (7410 turns).

Leeroy the Martial Artist (Octopode Transmuter)     Turns: 7410, Time: 00:10:32

Health: 0/61       AC:  2    Str:  9    XL:     9   Next: 30%
Magic:  9/12       EV: 20    Int: 19    God:    Wu Jian [*.....]
Gold:   435        SH:  0    Dex: 18    Spells: 2/12 levels left

rFire   + . .      SeeInvis +      - Unarmed
rCold   . . .      Faith    +    (shield currently unavailable)
rNeg    . . .      Spirit   .    (helmet currently unavailable)
rPois   x          Reflect  .    C - amulet of faith
rElec   .          Harm     .    g - ring of see invisible
rCorr   .          Rampage  .    t - ring of protection from fire
Will    .....                    (no ring)
Stlth   ++                       (no ring)
HPRegen 0.30/turn                (no ring)
MPRegen 0.13/turn                (no ring)
                                 (no ring)
                                 (no ring)

@: spider-form
A: venomous fangs, almost no armour, (amphibious), 8 rings, tiny, (camouflage
1), (gelatinous body 1), (nimble swimmer 1), (tentacles)
a: End Transformation, Renounce Religion


You were on level 7 of the Dungeon.
You worshipped Wu Jian.
Wu Jian was aware of your devotion.
You were a venomous arachnid creature.
You visited 2 branches of the dungeon, and saw 8 of its levels.

You collected 435 gold pieces.

Inventory:

Missiles
 s - 5 poisoned darts
Armour
 p - the +3 buckler "Voth" {Harm Int+2}
   (You found it on level 3 of the Dungeon)

   Int:       It affects your intelligence (+2).
   Harm:      It increases damage dealt and taken.
Magical Staves
 f - a staff of death
Jewellery
 g - a ring of see invisible (left front pincers)
 t - a ring of protection from fire (right front pincers)
 C - an amulet of faith (around neck)
Wands
 r - a wand of iceblast (8)
 x - a wand of acid (9)
 B - a wand of flame (22)
 E - a wand of polymorph (9)
Scrolls
 b - 6 scrolls of teleportation
 j - 2 scrolls of magic mapping
 k - a scroll of fog
 l - a scroll of immolation
 o - a scroll of poison
 u - 2 scrolls of enchant weapon
 w - a scroll of vulnerability {unknown}
 y - a scroll of amnesia {unknown}
 A - a scroll of blinking {unknown}
 D - a scroll of identify
Potions
 a - 2 potions of lignification
 c - 5 potions of attraction {unknown}
 d - 3 potions of curing {unknown}
 e - 4 potions of haste
 h - 2 potions of brilliance {unknown}
 i - 2 potions of heal wounds
 m - 3 potions of cancellation {unknown}
 n - a potion of might {unknown}
 q - 2 potions of mutation {unknown}
 v - a potion of resistance {unknown}
 z - 3 potions of flight {unknown}


   Skills:
 - Level 5.4 Fighting
 + Level 3.1 Dodging
 - Level 8.2 Unarmed Combat
 - Level 2.0 Spellcasting
 - Level 7.3 Transmutations


You had 2 spell levels left.
You knew the following spells:

 Your Spells              Type           Power      Damage    Failure   Level
a - Beastly Appendage     Tmut           58%        N/A       4%          1
b - Spider Form           Tmut/Pois      15%        N/A       26%         3
c - Ice Form              Ice/Tmut       15%        N/A       58%         4
d - Passwall              Tmut/Erth      12%        N/A       16%         2

Your spell library contained the following spells:

 Spells                   Type           Power      Damage    Failure   Level
 Wereblood                Tmut           29%        N/A       6%          2
 Sandblast                Erth           2%         2d4       36%         1
 Sublimation of Blood     Necr           1%         N/A       47%         2
 Blade Hands              Tmut           14%        N/A       43%         5
 Petrify                  Tmut/Erth      15%        N/A       58%         4
 Portal Projectile        Hex/Tloc       2%         N/A       67%         3
 Stone Arrow              Conj/Erth      2%         3d7       67%         3
 Tukima's Dance           Hex            1%         N/A       67%         3
 Irradiate                Conj/Tmut      7%         3d14      87%         5


Dungeon Overview and Level Annotations

Branches:
Dungeon (7/15)             Temple (1/1) D:6

Altars:
Cheibriados
Dithmenos
Elyvilon
Fedhas
Gozag
Hepliaklqana
Kikubaaqudgha
Makhleb
Nemelex Xobeh
Qazlal
Ru
Sif Muna
Trog
Uskayaw
Vehumet
Wu Jian
Xom
Yredelemnul
Zin
The Shining One


Innate Abilities, Weirdness & Mutations

You are a venomous arachnid creature.
You have venomous fangs.
You are tiny and dextrous.
Your spellcasting is less reliable in this form.
Your armour is entirely melded.
You are incapable of wielding weapons or throwing items.
You cannot wear most types of armour.
((You are amphibious.))
You can wear up to eight rings at the same time.
((Your skin changes colour to match your surroundings (Stealth+).))
((Your rubbery body absorbs attacks. (AC +1, EV +1)))
((You are camouflaged when in or above water. (Stealth+)))
((You have tentacles for arms and can constrict up to eight enemies at once.))


Message History

Your squeeze misses the sky beast.
The sky beast is moderately wounded.
The sky beast hits you but does no damage.
You closely miss the sky beast.
Your tentacle spike misses the sky beast.
You squeeze the sky beast, but do no damage.
The sky beast is moderately wounded.
The sky beast hits you. The sky beast shocks you.
You miss the sky beast.
You pierce the sky beast.
Your squeeze misses the sky beast.
The sky beast is moderately wounded.
The sky beast hits you. The sky beast shocks you.
* * * LOW HITPOINT WARNING * * *
You barely miss the sky beast.
The sky beast is moderately wounded.
The sky beast barely misses you.
You barely miss the sky beast.
You pierce the sky beast, but do no damage.
You squeeze the sky beast.
The sky beast is heavily wounded.
Your transformation is almost over.
The sky beast hits you.
* * * LOW HITPOINT WARNING * * *
The sky beast shocks you.
* * * LOW HITPOINT WARNING * * *
Casting: Beastly Appendage (safe; 1% risk of failure)
Confirm with . or Enter, or press ? or * to list all spells.
Your tentacle spike disappears.
You turn into a venomous arachnid creature.
The sky beast closely misses you.
A sky beast is nearby!
You hit the sky beast.
The sky beast is poisoned.
The sky beast is heavily wounded.
You hit the sky beast.
The sky beast looks as sick as possible!
The sky beast is severely wounded.
The sky beast hits you.
* * * LOW HITPOINT WARNING * * *
The sky beast shocks you.
You die...

..####..##.....#. #..#
#........... #..#
#..##....... #..#
#......#.... #..#
#.###..####. #..#
#.###..# #.
#..####......# .#.
#................. #s#
##..##...... #Y# #..#
.#.... ######.###
#..#####...
..........####..##.##..#
.########.......##.##...
##..............
#..##......####
#..##..#...##
#..######...#


You could see a sky beast (invisible, extremely poisoned).

Vanquished Creatures
  A yak (D:6)
  An orc warrior (D:7)
  2 ogres
  4 black bears
  A phantom (D:7)
  A centaur (D:6)
  5 necrophages (D:5)
  2 scorpions (D:5)
  2 centaur zombies (D:5)
  3 hounds
  4 jellies
  2 orc priests (D:6)
  An iron imp (D:6)
  2 iguanas
  Ijyb (D:3)
  Natasha (D:4)
  3 orc wizards
  A scorpion zombie (D:5)
  A hound skeleton (D:3)
  6 adders
  4 gnolls (D:2)
  A shadow imp (D:5)
  A white imp (D:6)
  An ufetubus (D:5)
  An adder zombie (D:3)
  An adder skeleton (D:3)
  2 worms
  A dart slug (D:4)
  9 orcs
  12 ball pythons
  11 endoplasms
  2 giant cockroaches
  5 goblins
  3 hobgoblins
  6 jackals
  2 quokkas
  2 ball python skeletons (D:3)
  5 bats
  2 frilled lizards (D:1)
  3 goblin skeletons (D:6)
  3 goblin zombies (D:6)
  2 hobgoblin zombies (D:6)
  A jackal skeleton (D:3)
  5 kobolds
  2 kobold zombies (D:6)
  A quokka zombie (D:3)
  6 rats
138 creatures vanquished.

Vanquished Creatures (others)
  A bush (D:5)
  11 plants (D:5)
  A withered plant (D:3)
13 creatures vanquished.

Grand Total: 151 creatures vanquished

Notes
Turn   | Place    | Note
-------+----------+-------------------------------------------
     0 | D:1      | Leeroy the Octopode Transmuter began the quest for the Orb.
     0 | D:1      | Reached XP level 1. HP: 13/13 MP: 3/3
   152 | D:1      | Reached XP level 2. HP: 15/18 MP: 5/5
   423 | D:1      | Reached skill level 4 in Unarmed Combat
   479 | D:1      | Reached XP level 3. HP: 15/23 MP: 6/6
  1380 | D:2      | Reached XP level 4. HP: 19/28 MP: 7/7
  1381 | D:2      | Reached skill level 5 in Unarmed Combat
  1655 | D:2      | Found a snail-covered altar of Cheibriados.
  1855 | D:3      | Learned a level 3 spell: Spider Form
  1865 | D:3      | Identified the +3 buckler "Voth" {Harm Int+2}
  2078 | D:3      | Reached XP level 5. HP: 20/33 MP: 2/8
  2296 | D:3      | Reached skill level 6 in Unarmed Combat
  2311 | D:3      | Noticed Ijyb
  2323 | D:3      | Killed Ijyb
  2777 | D:4      | Reached XP level 6. HP: 31/38 MP: 7/9
  2936 | D:4      | Reached skill level 7 in Unarmed Combat
  3299 | D:4      | Noticed Natasha
  3305 | D:4      | Killed Natasha
  3440 | D:4      | Found a shimmering blue altar of Sif Muna.
  3536 | D:4      | Found an ornate altar of the Wu Jian Council.
  3576 | D:4      | Noticed a spectral centipede
  3576 | D:4      | Noticed a spectral black mamba
  3576 | D:4      | Noticed a spectral cane toad
  3577 | D:4      | Became a worshipper of the Wu Jian Council
  3582 | D:4      | Reached XP level 7. HP: 40/43 MP: 10/10
  3892 | D:5      | Entered Level 5 of the Dungeon
  4188 | D:5      | Learned a level 4 spell: Ice Form
  4195 | D:5      | Reached skill level 8 in Unarmed Combat
  4260 | D:5      | Found a blossoming altar of Fedhas.
  5123 | D:5      | Reached XP level 8. HP: 22/54 MP: 11/11
  5234 | D:5      | Reached skill level 5 in Fighting
  5427 | D:6      | Found a glowing golden altar of the Shining One.
  5437 | D:6      | Reached * piety under Wu Jian
  5506 | D:6      | Found a sparkling altar of Nemelex Xobeh.
  5515 | D:6      | Found a white marble altar of Elyvilon.
  6106 | D:6      | Reached skill level 5 in Transmutations
  6241 | D:6      | Found a staircase to the Ecumenical Temple.
  6354 | D:6      | Reached XP level 9. HP: 41/61 MP: 10/12
  6438 | D:6      | Learned a level 2 spell: Passwall
  6867 | Temple   | Entered the Ecumenical Temple
  7410 | D:7      | Slain by a sky beast

Illustrated notes

Levels and vault maps discovered:
D:1:      saegor_arrival_under_anarchy, layout_basic
D:2:      layout_loops_cross, basic_altar, patterned_corridor
D:3:      minmay_wonky_spiral, layout_basic, serial_undead, serial_undead_e,
          serial_undead_c, serial_undead_d, serial_undead_e, serial_undead_e,
          serial_undead_e, dk_vineyard_2, uniq_ijyb
D:4:      layout_cave_pools, lemuel_coloured_pillars_altar,
          pdpol_wu_jian_five_deadly_venoms, uniq_natasha
D:5:      layout_cave_pods, fedhas_altar_decomposition
D:6:      layout_basic, jmf_multi_god_temple, nicolae_tso_besieged_by_evil,
          temple_doors_e
D:7:      layout_loops_ring, minivault_14, hangedman_decor_growths,
          nicolae_elevator_lobby_asterisk
Temple:   nicolae_temple_ecumenical_triangle

Skill      XL: |  1  2  3  4  5  6  7  8  9 |
---------------+----------------------------+-----
Unarmed Combat | 4 5 6 7 8 |  8.2
Fighting       | 4 5 |  5.4
Transmutations | 6 7 |  7.3
Dodging        | 3 |  3.1
Spellcasting   | |  2.0

Action                     |  1- 3 |  4- 6 |  7- 9 || total
---------------------------+-------+-------+-------++-------
  Melee: Unarmed           |    89 |   123 |   187 ||   399
         Constrict         |    19 |    22 |    32 ||    73
         Tentacles         |    13 |    25 |    46 ||    84
         Punch             |     1 |     3 |    14 ||    18
         Kick              |       |     6 |    33 ||    39
   Cast: Beastly Appendage |     1 |     4 |    18 ||    23
         Spider Form       |       |     5 |     6 ||    11
Ability: Lunge             |       |       |    12 ||    12
         Whirlwind         |       |       |     1 ||     1
    Use: Scroll            |       |     5 |     1 ||     6
   Stab: Sleeping          |     9 |    11 |     3 ||    23
 Armour: Skin              |     9 |    12 |     9 ||    30
  Dodge: Dodged            |    72 |    76 |   104 ||   252
  Block: Buckler           |       |    12 |       ||    12

Table legend: (Time is in decaauts)
 A = Elapsed time spent in this place.
 B = Non-inter-level travel time spent in this place.
 C = Inter-level travel time spent in this place.
 D = Time resting spent in this place.
 E = Time spent auto-exploring this place.
 F = Levels seen in this place.
 G = Mean time per level.
                   A        B        C        D        E       F      G
               +--------+--------+--------+--------+--------+-----+--------+
         Total |   7363 |   7199 |    164 |   1275 |   4667 |   8 |  920.4 |
       Dungeon |   7320 |   7161 |    159 |   1275 |   4637 |   7 | 1045.7 |
        Temple |     42 |     37 |      5 |      0 |     30 |   1 |   42.0 |
               +--------+--------+--------+--------+--------+-----+--------+

Top non-repeatable levels by time:
     D:5: 1549 daAuts
     D:6: 1425 daAuts
     D:4: 1145 daAuts
     D:1: 1005 daAuts
     D:2: 917 daAuts
     D:3: 804 daAuts
     D:7: 472 daAuts
  Temple: 42 daAuts
